 Dungeon Crawl Stone Soup version 0.29.1-13-g9f3cf754e1 (webtiles) character file.

Game seed: 7801678348394672006

88 sankara the Firebug (level 4, -4/33 HPs)
             Began as a Hill Orc Fire Elementalist on Feb 10, 2023.
             Slain by Ijyb
             ... wielding a +0 club
              (7 damage)
             ... on level 3 of the Dungeon.
             The game lasted 00:04:56 (2078 turns).

sankara the Firebug (Hill Orc Fire Elementalist)    Turns: 2078, Time: 00:04:57

Health: -4/33      AC:  3    Str: 10    XL:     4   Next: 53%
Magic:  4/7        EV: 16    Int: 17    God:
Gold:   75         SH:  0    Dex: 11    Spells: 1/7 levels left

rFire   . . .      SeeInvis .   a - +2 dagger (venom)
rCold   . . .      Faith    .   (no shield)
rNeg    . . .      Spirit   .   c - +0 robe
rPois   .          Reflect  .   (no helmet)
rElec   .          Harm     .   (no cloak)
rCorr   +          Rampage  .   (no gloves)
Will    .....                   p - +0 pair of boots
Stlth   ++........              (no amulet)
HPRegen 0.11/turn               n - +4 ring of evasion
MPRegen 0.10/turn               q - ring of resist corrosion

@: no status effects
A: no striking features
a: no special abilities


You were on level 3 of the Dungeon.
You visited 1 branch of the dungeon, and saw 3 of its levels.

You collected 75 gold pieces.

Inventory:

Hand Weapons
 a - a +2 dagger of venom (weapon)
 h - a +0 dagger
Armour
 c - a +0 robe (worn)
 p - a +0 pair of boots (worn)
Jewellery
 n - a +4 ring of evasion (left hand)
 q - a ring of resist corrosion (right hand)
Scrolls
 e - 2 scrolls of magic mapping {unknown}
 j - 3 scrolls of poison {unknown}
 o - 3 scrolls of brand weapon {unknown}
 r - 3 scrolls of identify {unknown}
 t - a scroll of fear {unknown}
 u - a scroll of fog {unknown}
Potions
 b - a potion of magic
 d - a potion of lignification {unknown}
 f - 3 potions of haste {unknown}
 g - a potion of resistance {unknown}
 i - a potion of cancellation {unknown}
 k - a potion of brilliance {unknown}
 l - 2 potions of attraction {unknown}
 m - 2 potions of might {unknown}
 s - a potion of curing {unknown}


   Skills:
 + Level 2.1 Dodging
 + Level 2.0 Stealth
 + Level 2.0 Spellcasting
 * Level 2.2 Conjurations
 * Level 4.1 Fire Magic


You had one spell level left.
You knew the following spells:

 Your Spells              Type           Power      Damage    Failure   Level
a - Foxfire               Conj/Fire      48%        2x1d6     5%          1
b - Scorch                Fire           30%        2d7       5%          2
c - Conjure Flame         Conj/Fire      12%        6-21      16%         3

Your spell library contained the following spells:

 Spells                   Type           Power      Damage    Failure   Level
 Apportation              Tloc           2%         N/A       19%         1
 Beastly Appendage        Tmut           2%         N/A       19%         1
 Sandblast                Erth           2%         2d4       19%         1
 Inner Flame              Hex/Fire       8%         N/A       26%         3
 Passwall                 Tmut/Erth      0%         N/A       28%         2
 Wereblood                Tmut           1%         N/A       28%         2
 Stone Arrow              Conj/Erth      10%        3d7       36%         3
 Flame Wave               Conj/Fire      12%        2d6       45%         4
 Spider Form              Tmut/Pois      1%         N/A       50%         3
 Alistair's Intoxication  Tmut/Pois      0%         N/A       99%         5


Dungeon Overview and Level Annotations

Branches:
Dungeon (3/15)

Altars:

Annotations:
D:3 Ijyb


Message History

Casting: Foxfire (safe; 5% risk of failure)
Confirm with . or Enter, or press ? or * to list all spells.
Okay, then.
You hit the orc but do no damage.
The orc is poisoned.
The orc is moderately wounded.
The foxfire hits the orc.
You kill the orc!
Unknown command.
Your foxfire dissipates!
Things that are here:
a +0 mace; a +0 leather armour Your foxfire dissipates!
Magic restored.
Found a stone staircase leading up.
You now have 75 gold pieces (gained 9).
Ijyb the Twisted Goblin comes into view.
She is wielding a +0 club, wearing a +3 chain mail of poison resistance and carrying a wand of flame (18).
Ijyb is nearby!
Ijyb is nearby!
Ijyb shouts!
Ijyb zaps a wand.
The puff of flame hits you!
You hit Ijyb but do no damage. Ijyb misses you.
You hit Ijyb but do no damage. Ijyb misses you.
You hit Ijyb but do no damage.
Ijyb zaps a wand.
The puff of flame hits you!
You closely miss Ijyb.
Ijyb zaps a wand.
The puff of flame misses you.
You hit Ijyb but do no damage.
Ijyb is poisoned.
Ijyb zaps a wand.
The puff of flame hits you!
You hit Ijyb.
Ijyb is lightly wounded.
Ijyb zaps a wand.
The puff of flame misses you.
Casting: Foxfire (safe; 5% risk of failure)
Confirm with . or Enter, or press ? or * to list all spells.
You conjure some foxfire!
Ijyb zaps a wand.
The puff of flame hits you!
* * * LOW HITPOINT WARNING * * *
Your foxfire dissipates!
The foxfire hits Ijyb but does no damage.
Ijyb is moderately wounded.
Casting: Foxfire (safe; 5% risk of failure)
Confirm with . or Enter, or press ? or * to list all spells.
Flames lash Ijyb but do no damage.
Ijyb hits you with a +0 club!
You die...

### ..# #.#
#.#######
#####ยง$......
#...g@.#
#...####.#
###. ...
###..# ##....
# ####...##
...# #....###
.# #.#### ##
##### ##.#
####...###..#
.##.....#..##


You could see Ijyb (very poisoned).

Vanquished Creatures
  Jessica (D:2)
  An adder (D:2)
  A worm (D:2)
  2 dart slugs
  An orc (D:3)
  3 bats
  2 endoplasms (D:1)
  A giant cockroach (D:2)
  7 hobgoblins
  6 kobolds
  3 quokkas
  5 ball pythons
  4 frilled lizards
  A goblin (D:2)
  7 rats
45 creatures vanquished.

Vanquished Creatures (others)
  99 foxfires
99 creatures vanquished.

Grand Total: 144 creatures vanquished

Notes
Turn   | Place    | Note
-------+----------+-------------------------------------------
     0 | D:1      | sankara the Hill Orc Fire Elementalist began the quest for
                  | the Orb.
     0 | D:1      | Reached XP level 1. HP: 14/14 MP: 3/3
   121 | D:1      | Reached XP level 2. HP: 20/20 MP: 1/4
  1100 | D:2      | Reached XP level 3. HP: 26/26 MP: 5/5
  1105 | D:2      | Noticed Jessica
  1281 | D:2      | Found a faded altar of an unknown god.
  1441 | D:2      | Killed Jessica
  1442 | D:2      | Reached skill level 4 in Fire Magic
  1442 | D:2      | Reached XP level 4. HP: 33/33 MP: 0/7
  1446 | D:2      | Learned a level 2 spell: Scorch
  1450 | D:2      | Learned a level 3 spell: Conjure Flame
  2067 | D:3      | Noticed Ijyb
  2078 | D:3      | Slain by Ijyb

Illustrated notes

Levels and vault maps discovered:
D:1:      psy_arrival_whirlpool, layout_basic
D:2:      minmay_evil_eye, layout_rooms, basic_ecumenical_altar, uniq_jessica
D:3:      layout_rooms, eat_drink_and_be_merry_uskayaw,
          mainiacjoe_overflow_large_starburst, serial_shops, shop, uniq_ijyb,
          uniq_pargi

Skill      XL: |  1  2  3  4 |
---------------+-------------+-----
Dodging        | 2 |  2.1
Spellcasting   | 2 |  2.0
Conjurations   | 2 |  2.2
Fire Magic     | 4 |  4.1
Stealth        | 2 |  2.0

Action                   |  1- 3 |  4- 6 || total
-------------------------+-------+-------++-------
Melee: Dagger            |    24 |    16 ||    40
       Unarmed           |     1 |       ||     1
 Cast: Foxfire           |    43 |    18 ||    61
       Scorch            |       |     1 ||     1
 Stab: Sleeping          |     2 |       ||     2
Armor: Robe              |     4 |     1 ||     5
Dodge: Dodged            |    27 |     8 ||    35
